APL (24 & UNDER)
ATHENS ASSASSINS @ NANTUCKET ORCAS
07/17/2026
 
TOP OF THE 1ST
Athens Assassins batting - Pitching for Nantucket Orcas : LHP Ray Morgan
Pitching: LHP Ray Morgan
Batting: SHB José Estreito 0-0: Foul Ball, location: 2F
0-1: Foul Ball, location: 2F
0-2: Ball
1-2: Ball
2-2: SINGLE (Groundball, 56D)
Batting: RHB Juan Gonzáles 0-0: Ball
1-0: Foul Ball, location: 2F
1-1: Grounds into double play, 6-4-3 (Groundball, 6)
Batting: SHB Rick Turner 0-0: Ball
1-0: Foul Ball, location: 2F
1-1: Foul Ball, location: 2F
1-2: Foul Ball, location: 2F
1-2: Fly out, F8 (Flyball, 8RD)
Top of the 1st over - 0 run(s), 1 hit(s), 0 error(s), 0 left on base; Athens 0 - Nantucket 0
BOTTOM OF THE 1ST
Nantucket Orcas batting - Pitching for Athens Assassins : RHP Kieron Lahyani
Pitching: RHP Kieron Lahyani
Batting: RHB Ramón Díaz 0-0: Ground out 6-3 (Groundball, 6S)
Batting: LHB Noah Gillespie 0-0: Called Strike
0-1: Called Strike
0-2: Strikes out swinging
Batting: SHB Cory Campbell 0-0: Ball
1-0: Foul Ball, location: 2F
1-1: Ball
2-1: Ball
3-1: Ground out 6-3 (Groundball, 6)
Bottom of the 1st over - 0 run(s), 0 hit(s), 0 error(s), 0 left on base; Athens 0 - Nantucket 0
TOP OF THE 2ND
Athens Assassins batting - Pitching for Nantucket Orcas : LHP Ray Morgan
Batting: LHB Terry Simpson 0-0: Ball
1-0: Called Strike
1-1: SINGLE (Line Drive, 9LM)
Batting: LHB António Romo 0-0: Called Strike
0-1: Swinging Strike
0-2: Ball
1-2: Strikes out looking
Batting: LHB Tommy Payne 0-0: Ball
1-0: Swinging Strike
1-1: Grounds into double play, U4-3 (Groundball, 4)
Top of the 2nd over - 0 run(s), 1 hit(s), 0 error(s), 0 left on base; Athens 0 - Nantucket 0
BOTTOM OF THE 2ND
Nantucket Orcas batting - Pitching for Athens Assassins : RHP Kieron Lahyani
Batting: RHB Roberto Canó 0-0: Called Strike
0-1: Foul Ball, location: 2F
0-2: Foul Ball, location: 2F
0-2: Ball
1-2: Ball
2-2: Foul Ball, location: 2F
2-2: Ground out 6-3 (Groundball, 6M)
Batting: SHB Dan Dunn 0-0: Called Strike
0-1: DOUBLE (Flyball, 89M)
Batting: LHB Eugene Lee 0-0: Foul Ball, location: 2F
0-1: Foul Ball, location: 2F
0-2: Ball
1-2: Ball
2-2: Strikes out swinging
Batting: RHB Ramiro Javier 0-0: Ball
1-0: Fly out, F6 (Popup, 6)
Bottom of the 2nd over - 0 run(s), 1 hit(s), 0 error(s), 1 left on base; Athens 0 - Nantucket 0
TOP OF THE 3RD
Athens Assassins batting - Pitching for Nantucket Orcas : LHP Ray Morgan
Batting: LHB Al Bartlett 0-0: Ball
1-0: Ball
2-0: Ball
3-0: Base on Balls
Batting: LHB Mike Davis 0-0: Ball
1-0: Ball
2-0: Ball
3-0: Base on Balls
Al Bartlett to second
Batting: RHB Ryan Jackson 0-0: Grounds into double play, 4-6-3 (Groundball, 4)
Al Bartlett to third
Batting: SHB José Estreito 0-0: Ball
1-0: Called Strike
1-1: Foul Ball, location: 2F
1-2: Foul Ball, location: 2F
1-2: Foul Ball, location: 2F
1-2: DOUBLE (Flyball, 78M)
Al Bartlett scores
Batting: RHB Juan Gonzáles 0-0: Ball
1-0: Called Strike
1-1: Ball
2-1: Ball
3-1: Base on Balls
Batting: SHB Rick Turner 0-0: Swinging Strike
0-1: Ball
1-1: Fly out, F9 (Flyball, 89S)
Top of the 3rd over - 1 run(s), 1 hit(s), 0 error(s), 2 left on base; Athens 1 - Nantucket 0
BOTTOM OF THE 3RD
Nantucket Orcas batting - Pitching for Athens Assassins : RHP Kieron Lahyani
Batting: RHB Domingo Hernández 0-0: Foul Ball, location: 2F
0-1: SINGLE (Line Drive, 6MD)
Batting: RHB Anastasio Zartuche 0-0: Ball
1-0: Called Strike
1-1: Ball
2-1: Ball
3-1: Base on Balls
Domingo Hernández to second
Batting: RHB Ramón Díaz 0-0: Ball
1-0: Ball
2-0: Ball
3-0: Base on Balls
Domingo Hernández to third
Anastasio Zartuche to second
Batting: LHB Noah Gillespie 0-0: Ball
1-0: Ball
2-0: Called Strike
2-1: Fly out, F3 (Popup, 3DF)
Batting: SHB Cory Campbell 0-0: Ball
1-0: Called Strike
1-1: GRAND SLAM HOME RUN (Flyball, 78XD), Distance : 398 ft
Batting: RHB Roberto Canó 0-0: Called Strike
0-1: Ball
1-1: Ball
2-1: Called Strike
2-2: Foul Ball, location: 2F
2-2: Ground out 6-3 (Groundball, 6M)
Batting: SHB Dan Dunn 0-0: Ball
1-0: Ball
2-0: Ball
3-0: Called Strike
3-1: Base on Balls
Batting: LHB Eugene Lee 0-0: Reached on error, E2 (Groundball, 2L)
Dan Dunn to third
Batting: RHB Ramiro Javier 0-0: Ball
1-0: SINGLE (Groundball, 34)
Dan Dunn scores
Eugene Lee to third
Runner from 3rd tries for Home, SAFE, no throw or cutoff
Batting: RHB Domingo Hernández 0-0: Ball
1-0: SINGLE (Line Drive, 78S)
Ramiro Javier to second
Batting: RHB Anastasio Zartuche 0-0: Ball
1-0: Called Strike
1-1: Ball
2-1: Ball
3-1: Fly out, F7 (Flyball, 78M)
Bottom of the 3rd over - 6 run(s), 4 hit(s), 1 error(s), 2 left on base; Athens 1 - Nantucket 6
TOP OF THE 4TH
Athens Assassins batting - Pitching for Nantucket Orcas : LHP Ray Morgan
Batting: LHB Terry Simpson 0-0: Called Strike
0-1: Swinging Strike
0-2: Ball
1-2: Strikes out swinging
Batting: LHB António Romo 0-0: Ball
1-0: Ball
2-0: Ball
3-0: Base on Balls
Batting: LHB Tommy Payne 0-0: Ball
1-0: Swinging Strike
1-1: Ball
Wild Pitch!
António Romo to second
2-1: Called Strike
2-2: Foul Ball, location: 2F
2-2: Ball
3-2: Foul Ball, location: 2F
3-2: Base on Balls
Batting: LHB Al Bartlett 0-0: Ball
1-0: Ball
2-0: Called Strike
2-1: Foul Ball, location: 2F
2-2: Foul Ball, location: 2F
2-2: Fly out, F9 (Flyball, 9M)
Batting: LHB Mike Davis 0-0: Swinging Strike
0-1: Foul Ball, location: 2F
0-2: Ball
1-2: Ground out U3 (Groundball, 3L)
Top of the 4th over - 0 run(s), 0 hit(s), 0 error(s), 2 left on base; Athens 1 - Nantucket 6
BOTTOM OF THE 4TH
Nantucket Orcas batting - Pitching for Athens Assassins : RHP Kieron Lahyani
Batting: RHB Ramón Díaz 0-0: Ball
1-0: Swinging Strike
1-1: Foul Ball, location: 2F
1-2: Foul Ball, location: 2F
1-2: Ball
2-2: Strikes out swinging
Batting: LHB Noah Gillespie 0-0: Ball
1-0: Called Strike
1-1: Swinging Strike
1-2: Ball
2-2: Ground out 6-3 (Groundball, 6MS)
Batting: SHB Cory Campbell 0-0: Foul Ball, location: 2F
0-1: Ball
1-1: Ball
2-1: Ground out 6-3 (Groundball, 6)
Bottom of the 4th over - 0 run(s), 0 hit(s), 0 error(s), 0 left on base; Athens 1 - Nantucket 6
TOP OF THE 5TH
Athens Assassins batting - Pitching for Nantucket Orcas : LHP Ray Morgan
Batting: RHB Ryan Jackson 0-0: Fly out, F8 (Flyball, 8RD)
Batting: SHB José Estreito 0-0: Swinging Strike
0-1: Ball
1-1: Ball
2-1: Foul Ball, location: 2F
2-2: Ball
3-2: Foul Ball, location: 2F
3-2: DOUBLE (Flyball, 89M)
Pitching: RHP Loeck Adriaanse
Batting: RHB Juan Gonzáles 0-0: Called Strike
0-1: Ball
1-1: Ball
2-1: Foul Ball, location: 2F
2-2: Strikes out swinging
Batting: SHB Rick Turner 0-0: Called Strike
0-1: Called Strike
0-2: Ball
1-2: Foul Ball, location: 2F
1-2: Strikes out swinging
Top of the 5th over - 0 run(s), 1 hit(s), 0 error(s), 1 left on base; Athens 1 - Nantucket 6
BOTTOM OF THE 5TH
Nantucket Orcas batting - Pitching for Athens Assassins : RHP Kieron Lahyani
Pitching: RHP Tony Murillo
Batting: RHB Roberto Canó 0-0: Fly out, F6 (Popup, 56D)
Batting: SHB Dan Dunn 0-0: Swinging Strike
0-1: Ball
1-1: Called Strike
1-2: Ball
2-2: Ball
3-2: Foul Ball, location: 2F
3-2: Base on Balls
Batting: LHB Eugene Lee 0-0: Called Strike
0-1: Ball
1-1: Foul Ball, location: 2F
1-2: Ball
2-2: Strikes out swinging
Batting: RHB Ramiro Javier 0-0: Foul Ball, location: 2F
0-1: Fielders Choice at 2nd, 6-4 (Groundball, 6)
Bottom of the 5th over - 0 run(s), 0 hit(s), 0 error(s), 0 left on base; Athens 1 - Nantucket 6
TOP OF THE 6TH
Athens Assassins batting - Pitching for Nantucket Orcas : RHP Loeck Adriaanse
Batting: LHB Terry Simpson 0-0: Ball
1-0: Called Strike
1-1: Ball
2-1: Ground out 4-3 (Groundball, 4)
Batting: LHB António Romo 0-0: Ball
1-0: Ball
2-0: Swinging Strike
2-1: Ball
3-1: Base on Balls
Batting: LHB Tommy Payne 0-0: DOUBLE (Line Drive, 89D)
António Romo to third
Batting: LHB Al Bartlett 0-0: Ball
1-0: Ball
2-0: Foul Ball, location: 2F
2-1: Ball
3-1: DOUBLE (Line Drive, 8LXD)
António Romo scores
Tommy Payne scores
Pinch Runner at 2nd Jason Erickson:
Batting: LHB Mike Davis 0-0: Ball
1-0: SINGLE (Flyball, 8LM)
Jason Erickson to third
Runner from 3rd tries for Home, SAFE, throw made home
Pitching: RHP Sean Martínez
Batting: RHB Ryan Jackson 0-0: Called Strike
0-1: Foul Ball, location: 2F
0-2: Ball
1-2: Strikes out swinging
Batting: SHB José Estreito 0-0: Called Strike
0-1: Ball
1-1: Ball
2-1: Called Strike
2-2: Ground out 1-3 (Groundball, 13)
Top of the 6th over - 3 run(s), 3 hit(s), 0 error(s), 1 left on base; Athens 4 - Nantucket 6
BOTTOM OF THE 6TH
Nantucket Orcas batting - Pitching for Athens Assassins : RHP Tony Murillo
Now in LF: Jason Erickson
Batting: RHB Domingo Hernández 0-0: Called Strike
0-1: Called Strike
0-2: Ball
1-2: Strikes out swinging
Batting: RHB Anastasio Zartuche 0-0: Ball
1-0: Foul Ball, location: 2F
1-1: Swinging Strike
1-2: Foul Ball, location: 2F
1-2: Strikes out swinging
Batting: RHB Ramón Díaz 0-0: Foul Ball, location: 2F
0-1: Ball
1-1: Called Strike
1-2: Fly out, F9 (Flyball, 9LD)
Bottom of the 6th over - 0 run(s), 0 hit(s), 0 error(s), 0 left on base; Athens 4 - Nantucket 6
TOP OF THE 7TH
Athens Assassins batting - Pitching for Nantucket Orcas : RHP Sean Martínez
Batting: RHB Juan Gonzáles 0-0: Ball
1-0: Ball
2-0: Ball
3-0: Base on Balls
Batting: SHB Rick Turner 0-0: Ball
1-0: Called Strike
1-1: Ball
Juan Gonzáles steals 2nd base
2-1: Swinging Strike
2-2: Strikes out looking
Batting: LHB Terry Simpson 0-0: Ball
1-0: Foul Ball, location: 2F
1-1: Called Strike
1-2: Strikes out looking
Batting: LHB António Romo 0-0: Called Strike
0-1: Called Strike
0-2: Foul Ball, location: 2F
0-2: Strikes out swinging
Top of the 7th over - 0 run(s), 0 hit(s), 0 error(s), 1 left on base; Athens 4 - Nantucket 6
BOTTOM OF THE 7TH
Nantucket Orcas batting - Pitching for Athens Assassins : RHP Tony Murillo
Batting: LHB Noah Gillespie 0-0: Called Strike
0-1: Ball
1-1: Foul Ball, location: 2F
1-2: Ball
2-2: Strikes out swinging
Batting: SHB Cory Campbell 0-0: Swinging Strike
0-1: Called Strike
0-2: Ball
1-2: Strikes out looking
Batting: RHB Roberto Canó 0-0: Ball
1-0: Ball
2-0: Ground out 5-3 (Groundball, 56)
Bottom of the 7th over - 0 run(s), 0 hit(s), 0 error(s), 0 left on base; Athens 4 - Nantucket 6
TOP OF THE 8TH
Athens Assassins batting - Pitching for Nantucket Orcas : RHP Sean Martínez
Batting: LHB Tommy Payne 0-0: Foul Ball, location: 2F
0-1: Foul Ball, location: 2F
0-2: Ball
1-2: Strikes out looking
Pitching: RHP Kade Coleman
Batting: RHB Jason Erickson 0-0: Ball
1-0: Foul Ball, location: 2F
1-1: Called Strike
1-2: Strikes out swinging
Batting: LHB Mike Davis 0-0: Foul Ball, location: 2F
0-1: Foul Ball, location: 2F
0-2: Hit by Pitch
Batting: RHB Ryan Jackson 0-0: Ball
1-0: Called Strike
1-1: Called Strike
1-2: Ball
2-2: Ball
3-2: Base on Balls
Mike Davis to second
Batting: SHB José Estreito 0-0: Called Strike
0-1: Ball
1-1: Ball
2-1: Foul Ball, location: 2F
2-2: Ball
3-2: Foul Ball, location: 2F
3-2: Strikes out swinging
Top of the 8th over - 0 run(s), 0 hit(s), 0 error(s), 2 left on base; Athens 4 - Nantucket 6
BOTTOM OF THE 8TH
Nantucket Orcas batting - Pitching for Athens Assassins : RHP Tony Murillo
Batting: SHB Dan Dunn 0-0: Ball
1-0: Foul Ball, location: 2F
1-1: Swinging Strike
1-2: Ball
2-2: Foul Ball, location: 2F
2-2: Ball
3-2: Base on Balls
Batting: LHB Eugene Lee 0-0: Foul Ball, location: 2F
0-1: Foul Ball, location: 2F
0-2: Ball
1-2: Ball
2-2: SINGLE (Groundball, 4MD)
Dan Dunn to second
Pinch Hitting: SHB Eric Pimentel 0-0: Ball
1-0: Swinging Strike
1-1: 3-RUN HOME RUN (Flyball, 9D), Distance : 389 ft
Batting: RHB Domingo Hernández 0-0: Ball
1-0: Ball
2-0: SINGLE (Groundball, 3D)
Batting: RHB Anastasio Zartuche 0-0: Called Strike
0-1: Foul Ball, location: 2F
0-2: Strikes out swinging
Batting: RHB Ramón Díaz 0-0: Ball
1-0: Called Strike
1-1: Ball
2-1: Foul Ball, location: 2F
2-2: Grounds into double play, 1-6-3 (Groundball, 15)
Bottom of the 8th over - 3 run(s), 3 hit(s), 0 error(s), 0 left on base; Athens 4 - Nantucket 9
TOP OF THE 9TH
Athens Assassins batting - Pitching for Nantucket Orcas : RHP Kade Coleman
Now at SS: César Osequedo
Batting: RHB Juan Gonzáles 0-0: DOUBLE (Line Drive, 7D)
Batting: SHB Rick Turner 0-0: Ball
1-0: Ball
2-0: Swinging Strike
2-1: Swinging Strike
2-2: Strikes out swinging
Batting: LHB Terry Simpson 0-0: Ball
1-0: Called Strike
1-1: 2-RUN HOME RUN (Flyball, 9D), Distance : 388 ft
Pitching: RHP José Cuellar
Batting: LHB António Romo 0-0: Fly out, F7 (Flyball, 78M)
Batting: LHB Tommy Payne 0-0: Ball
1-0: Fly out, F8 (Flyball, 89M)
Top of the 9th over - 2 run(s), 2 hit(s), 0 error(s), 0 left on base; Athens 6 - Nantucket 9
Monday, December 5th, 2016 - OOTP Baseball 17.12 Build 75